cohdb
Replays
Latest Replays
All Replays
Popular Replays
Top Player Replays
Match Explorer
How It Works
Community
CoH3 Stats
Reddit
Sign in to upload your games and track your stats! →
Sign in with Steam
Match 30692433
Unlisted
Match 30692433
Overview
Messages
Build Orders
End
Construct Barracks
Selects Airborne Battlegroup
Selects Heavy Machine Gun Paradrop
Riflemen Squad
Riflemen Squad
M1 Mortar Team
Grenade Package
Heavy Machine Gun Paradrop
Selects Paratrooper Squad Paradrop
Selects Paratrooper Squad Paradrop
Construct Medical Station
Engineer Squad
Riflemen Squad
Selects Recon Loiter
Selects Supply Drop
Heavy Machine Gun Paradrop
Paradox
Stalen
6677
Vlambulance-YouTube
Guernord
ECO ZULU Starsilver
Nuts
raven182
0
0
Comments
sign in to comment!
No comments posted yet!